 Dungeon Crawl Stone Soup version 0.32-a0-931-g5a2cda0630 (webtiles) character file.

Game seed: 8694595047429681292

669 Biggs the Cutter (level 7, 0/34 HPs)
             Began as a Vine Stalker Brigand on Apr 13, 2024.
             Succumbed to a scorpion's poison
             ... on level 5 of the Dungeon.
             The game lasted 00:08:45 (1762 turns).

Biggs the Cutter (Vine Stalker Brigand)             Turns: 1762, Time: 00:08:45

Health: 0/34       AC:  3    Str: 14    XL:     7   Next: 58%
Magic:  6/8        EV: 10    Int: 11    God:
Gold:   262        SH:  0    Dex: 17    Spells: 6/6 levels left

rFire   + . .        a - +2 dagger
rCold   + . .        (no shield)
rNeg    . . .        b - +0 robe
rPois   +            (no helmet)
rElec   +            c - +0 cloak
rCorr   +            (no gloves)
SInv    .            (no boots)
Will    +....        (no amulet)
Stlth   +++          j - ring of resist corrosion
HPRegen 1.05/turn    (no ring)
MPRegen 0.11/turn

%: guardian spirit
@: mighty, lethally poisoned (0 -> -5), resistant, enlightened, flying
A: fangs 2, regeneration 1, magic shield, antimagic bite, no potion heal 2
a: no special abilities


You were on level 5 of the Dungeon.
You visited 1 branch of the dungeon, and saw 5 of its levels.

You collected 262 gold pieces.

Inventory:

Hand Weapons
 a - a +2 dagger (weapon)
Missiles
 d - 16 poisoned darts (quivered)
 e - 3 curare-tipped darts
Armour
 b - a +0 robe (worn)
 c - a +0 cloak (worn)
Jewellery
 j - a ring of resist corrosion (left hand)
Wands
 u - a wand of polymorph (12)
Scrolls
 f - 3 scrolls of identify {unknown}
 g - 2 scrolls of fear {unknown}
 i - 2 scrolls of fog {unknown}
 k - a scroll of vulnerability {unknown}
 l - 3 scrolls of teleportation {unknown}
 m - 3 scrolls of blinking {unknown}
 s - a scroll of immolation {unknown}
 y - a scroll of enchant weapon {unknown}
Potions
 h - a potion of might
 p - a potion of mutation {unknown}
 q - a potion of magic {unknown}
 r - a potion of heal wounds {unknown}
 t - a potion of lignification {unknown}
 v - a potion of invisibility {unknown}
 w - a potion of curing {unknown}
 x - a potion of attraction {unknown}


   Skills:
 - Level 1.7 Fighting
 + Level 7.6 Short Blades
 - Level 1.7 Throwing
 - Level 0.7 Dodging
 - Level 4.8 Stealth


You had 6 spell levels left.
You didn't know any spells.
Your spell library contained the following spells:

 Spells                   Type           Power      Damage    Failure   Level
 Magic Dart               Conj           0%         1d3       34%         1
 Searing Ray              Conj           0%         2d4       47%         2
 Fugue of the Fallen      Necr           0%         N/A       71%         3
 Ozocubu's Armour         Ice            0%         N/A       71%         3
 Brom's Barrelling Bould  Conj/Erth      0%         2d3       98%         4
 Fulminant Prism          Conj/Alch      0%         3d5       98%         4
 Fireball                 Conj/Fire      0%         3d3       100%        5
 Iskenderun's Battlesphe  Conj           0%         2d6       100%        5
 Conjure Ball Lightning   Conj/Air       0%         3x3d6     100%        6
 Manifold Assault         Tloc           0%         N/A       100%        7
 Orb of Destruction       Conj           0%         9d5       100%        7


Dungeon Overview and Level Annotations

Branches:
Dungeon (5/15)
 Temple: D:4-7

Altars:
Elyvilon
Gozag
Sif Muna
Xom
Zin


Innate Abilities, Weirdness & Mutations

You have extremely sharp teeth.
Your natural rate of healing is unusually fast.
When hurt, damage is shared between your health and your magic reserves.
Your bite disrupts and absorbs the magic of your enemies.
Potions cannot restore your health.


Message History

The scorpion is severely wounded.
You feel sick.
You hit the scorpion.
The scorpion is severely wounded.
You feel sick. The scorpion stings you.
You are more poisoned.
The scorpion poisons you!
You hit the scorpion but do no damage.
You bite the scorpion, but do no damage.
The scorpion is severely wounded.
You feel very sick. The scorpion stings you.
You are lethally poisoned!
The scorpion poisons you!
You barely miss the scorpion.
You bite the scorpion, but do no damage.
The scorpion is severely wounded.
You feel very sick.
The scorpion stings you but does no damage.
Unknown command.
You hit the scorpion. You bite the scorpion.
You kill the scorpion!
* * * LOW HITPOINT WARNING * * *
You feel very sick.
Unknown command.
Unknown command.
It was a potion of might.
You feel very mighty all of a sudden.
* * * LOW HITPOINT WARNING * * *
You feel very sick.
Unknown command.
It was a potion of enlightenment.
You feel very buoyant.
You fly up into the air.
* * * LOW HITPOINT WARNING * * *
You feel very sick.
Unknown command.
It was a potion of resistance.
You feel protected.
You die...

##.....#.#.......##. #
#.................#. .
#######.###########..#...
# ............... #..##..
#...#....####.. #....._
#. #....# #..##..
#....###### #..#...
##...†...$# ##...#^
#..@#....# #...##.
#...#....# #.#.... ##..#
.w.# #...... #..# ##.#
#.#.... ##.. .. #.#####
##. #.# ## #.# #[# #.#


There were no monsters in sight!

Vanquished Creatures
  Sigmund (D:3)
  A black bear (D:5)
  An ogre (D:4)
  2 scorpions (D:5)
  2 bombardier beetles
  A hound (D:5)
  3 adders
  4 gnolls (D:3)
  2 ufetubi (D:5)
  2 dart slugs
  5 orcs
  7 ball pythons
  5 bats
  9 endoplasms
  2 giant cockroaches
  4 goblins
  7 hobgoblins
  4 kobolds
  3 quokkas
  4 frilled lizards
  3 rats
72 creatures vanquished.

Notes
Turn   | Place    | Note
-------+----------+-------------------------------------------
     0 | D:1      | Biggs the Vine Stalker Brigand began the quest for the Orb.
     0 | D:1      | Reached XP level 1. HP: 11/11 MP: 2/2
    38 | D:1      | Reached skill level 2 in Short Blades
   129 | D:1      | Reached XP level 2. HP: 15/15 MP: 3/3
   281 | D:1      | Reached skill level 3 in Short Blades
   285 | D:1      | Reached XP level 3. HP: 17/18 MP: 0/4
   619 | D:3      | Reached XP level 4. HP: 14/23 MP: 3/5
   625 | D:3      | Reached skill level 4 in Short Blades
   682 | D:3      | Noticed Sigmund
   796 | D:3      | Reached XP level 5. HP: 19/26 MP: 1/6
   906 | D:3      | Found a white marble altar of Elyvilon.
   969 | D:3      | Killed Sigmund
   970 | D:3      | Reached skill level 5 in Short Blades
   970 | D:3      | Reached XP level 6. HP: 13/30 MP: 3/7
  1065 | D:4      | Reached skill level 6 in Short Blades
  1117 | D:4      | Found a glowing silver altar of Zin.
  1119 | D:4      | Found a shimmering blue altar of Sif Muna.
  1364 | D:5      | Entered Level 5 of the Dungeon
  1385 | D:5      | Found a shimmering altar of Xom.
  1545 | D:5      | Noticed a black bear
  1557 | D:5      | Killed a black bear
  1558 | D:5      | Reached XP level 7. HP: 17/34 MP: 4/8
  1621 | D:5      | Reached skill level 7 in Short Blades
  1638 | D:5      | Found an opulent altar of Gozag.
  1762 | D:5      | Succumbed to a scorpion's poison

Illustrated notes

Levels and vault maps discovered:
D:1:      amcnicky_arrival_abandoned_market, layout_basic, minmay_hexomino_u4
D:2:      layout_rooms, minmay_quantized
D:3:      layout_rooms, overflow_temple_1_default, kennysheep_generic_room_5,
          uniq_sigmund
D:4:      layout_loops_cross, nicolae_overflow_squiral
D:5:      minmay_recursive_quarters, layout_loops_ring,
          mainiacjoe_overflow_small_starburst, kennysheep_mini_moat

Skill      XL: |  1  2  3  4  5  6  7 |
---------------+----------------------+-----
Short Blades   | 2 3 4 5 6 7 |  7.6
Fighting       | |  1.7
Throwing       | |  1.7
Dodging        | |  0.7
Stealth        | |  4.8

Action                     |  1- 3 |  4- 6 |  7- 9 || total
---------------------------+-------+-------+-------++-------
  Melee: Dagger            |    91 |   110 |    38 ||   239
         Bite              |    19 |    40 |    13 ||    72
  Throw: Dart              |       |     4 |     2 ||     6
    Use: Potion            |       |       |     3 ||     3
   Stab: Sleeping          |     8 |     4 |     1 ||    13
 Armour: Robe              |    72 |    66 |    23 ||   161
  Dodge: Dodged            |    54 |    80 |     9 ||   143

Table legend: (Time is in decaauts)
 A = Elapsed time spent in this place.
 B = Non-inter-level travel time spent in this place.
 C = Inter-level travel time spent in this place.
 D = Time resting spent in this place.
 E = Time spent auto-exploring this place.
 F = Levels seen in this place.
 G = Mean time per level.
                   A        B        C        D        E       F      G
               +--------+--------+--------+--------+--------+-----+--------+
         Total |   1708 |   1680 |     28 |      0 |      0 |   5 |  341.6 |
       Dungeon |   1708 |   1680 |     28 |      0 |      0 |   5 |  341.6 |
               +--------+--------+--------+--------+--------+-----+--------+

Top non-repeatable levels by time:
     D:5: 378 daAuts
     D:3: 360 daAuts
     D:4: 358 daAuts
     D:2: 310 daAuts
     D:1: 301 daAuts
